 Dungeon Crawl Stone Soup version 0.31-a0-221-gbddc013574 (webtiles) character file.

Game seed: 2404338543068106177

48 qw the Shooter (level 3, 0/21 HPs)
             Began as a Gargoyle Hexslinger on July 3, 2023.
             Slain by an orc
             ... wielding a +0 mace
              (4 damage)
             ... on level 4 of the Dungeon.
             The game lasted 00:00:22 (718 turns).

qw the Shooter (Gargoyle Hexslinger)                 Turns: 718, Time: 00:00:22

Health: 0/21       AC:  8    Str: 11    XL:     3   Next: 72%
Magic:  4/4        EV: 10    Int: 13    God:
Gold:   89         SH:  0    Dex: 14    Spells: 3/4 levels left

rFire   . . .        Y - +1 sling
rCold   . . .        (no shield)
rNeg    + . .        f - +0 ring mail
rPois   inf          (no helmet)
rElec   +            (no cloak)
rCorr   .            (no gloves)
SInv    .            (no boots)
Will    .....        (no amulet)
Stlth   +            (no ring)
HPRegen 0.23/turn    (no ring)
MPRegen 0.09/turn

%: no passive effects
@: no status effects
A: sickness immunity, AC +3, negative energy resistance 1, electricity
resistance, torment resistance 1, petrification resistance
a: no special abilities


You were on level 4 of the Dungeon.
You visited 1 branch of the dungeon, and saw 3 of its levels.

You collected 89 gold pieces.


Innate Abilities, Weirdness & Mutations

You are immune to sickness and miasma.
Your stone body is resilient. (AC +3)
You are immune to poison.
You resist negative energy. (rN+)
You are resistant to electric shocks. (rElec)
You are resistant to unholy torment.
You are immune to petrification.


   Skills:
 - Level 2.2 Fighting
 + Level 3.4 Ranged Weapons
 - Level 1.5 Dodging
 - Level 1.0 Spellcasting
 - Level 2.6 Hexes


You had 3 spell levels left.
You knew the following spells:

 Your Spells              Type           Power      Damage    Failure   Level
a - Slow                  Hex            28%        N/A       22%         1

Your spell library contained the following spells:

 Spells                   Type           Power      Damage    Failure   Level
 Inner Flame              Hex/Fire       4%         N/A       75%         3
 Portal Projectile        Hex/Tloc       8%         N/A       75%         3
 Cause Fear               Hex            3%         N/A       92%         4

Inventory:

Hand Weapons
 Y - a +1 sling (weapon)
Armour
 f - a +0 ring mail (worn)
Scrolls
 a - a scroll of enchant armour {unknown}
 b - a scroll of silence {unknown}
Potions
 c - 2 potions of enlightenment {unknown}
 e - a potion of attraction {unknown}
 i - a potion of haste {unknown}

Dungeon Overview and Level Annotations

Branches:
Dungeon (2/15)

Altars:
Cheibriados
Gozag


Message History

Found a sling.
You now have 89 gold pieces (gained 6).
Found a scroll of vulnerability.
Found a demon blade.
b - a scroll labelled ECWESI KUERAE You see here a scroll of vulnerability.
You see here a +0 demon blade.
Found 3 curare-tipped darts.
c - 2 viscous coppery potions An orc comes into view.
It is wielding a +1 dagger of draining.
The orc shouts!
You hear a shout! x3
An orc wizard comes into view. It is wielding a +0 dagger.
The orc moves out of view.
You shoot a sling bullet. The sling bullet hits the orc wizard.
The orc wizard is lightly wounded.
You shoot a sling bullet.
The sling bullet hits the orc but does no damage.
An orc comes into view. It is wielding a +4 trident.
712 ||| Stepping ~*~*~tactically~*~*~ (outnumbered).
You shoot a sling bullet. The sling bullet hits the orc!
You kill the orc!
The orc wizard casts a spell at you. The magic dart hits you!
You shoot a sling bullet.
The sling bullet closely misses the orc wizard.
You shoot a sling bullet. The sling bullet hits the orc wizard.
The orc wizard is moderately wounded.
An orc comes into view. It is wielding a +0 mace.
You shoot a sling bullet.
The sling bullet barely misses the orc wizard.
The orc wizard hits you with a +0 dagger.
You shoot a sling bullet.
The sling bullet closely misses the orc wizard.
The orc hits you but does no damage.
The orc hits you from afar with a +4 trident!
The orc wizard hits you with a +0 dagger.
You shoot a sling bullet.
The sling bullet barely misses the orc wizard.
The orc hits you with a +0 mace.
You die...

#...###......#
#
#......(....##
#..........###
#...........#
#.^..........#
#....######...#
##..### #..#
##o..# #...
#o@### ....
#o### # #.# #.
. #o #


You could see an orc wizard and 2 orcs.

Vanquished Creatures
  A mummy (D:4)
  An adder (D:2)
  2 dart slugs (D:1)
  An orc (D:4)
  3 bats (D:1)
  An endoplasm (D:1)
  A giant cockroach (D:1)
  2 hobgoblins
  2 kobolds
  A quokka (D:1)
  3 ball pythons
  2 frilled lizards (D:1)
  3 rats (D:1)
23 creatures vanquished.

Notes
Turn   | Place    | Note
-------+----------+-------------------------------------------
     0 | D:1      | qw the Gargoyle Hexslinger began the quest for the Orb.
     0 | D:1      | Reached XP level 1. HP: 12/12 MP: 2/2
     0 | D:1      | 0 ||| qw: Version: 0.3-a-40-ge99b1a8
     0 | D:1      | 0 ||| qw: Game counter: 609
     0 | D:1      | 0 ||| qw: Melee chars always use a shield: true
     0 | D:1      | 0 ||| qw: God list: Okawaru
     0 | D:1      | 0 ||| qw: Allow faded altars: false
     0 | D:1      | 0 ||| qw: Do Orc after clearing Dungeon:15 true
     0 | D:1      | 0 ||| qw: Do second Lair branch before Depths: true
     0 | D:1      | 0 ||| qw: Lair rune preference: random
     0 | D:1      | 0 ||| qw: Goals: Normal
     0 | D:1      | 0 ||| PLANNING D:1-11
    92 | D:1      | Reached XP level 2. HP: 15/16 MP: 3/3
   161 | D:1      | Reached skill level 3 in Ranged Weapons
   474 | D:1      | 474 ||| UPGRADING to +0 ring mail.
   484 | D:1      | 484 ||| DROPPING +0 robe.
   485 | D:1      | 485 ||| READING scroll labelled CAECSO VUHYKK.
   489 | D:1      | 489 ||| READING scroll labelled GUURYO WYLYR.
   490 | D:1      | 490 ||| READING scroll labelled SOETTA INEI.
   491 | D:1      | 491 ||| READING 2 scrolls labelled SISUYRCH RUWKE.
   492 | D:1      | 492 ||| READING scroll labelled BAR UTEBITUA.
   493 | D:1      | 493 ||| DROPPING scroll of poison.
   494 | D:1      | 494 ||| DROPPING scroll of immolation.
   525 | D:2      | Reached XP level 3. HP: 18/21 MP: 4/4
   592 | D:2      | You fall into a shaft and drop 2 floors!
   609 | D:4      | Found a snail-covered altar of Cheibriados.
   642 | D:4      | Found an opulent altar of Gozag.
   712 | D:4      | 712 ||| Stepping ~*~*~tactically~*~*~ (outnumbered).
   717 | D:4      | HP: 5/21 [orc/+4 trident (7)]
   718 | D:4      | Slain by an orc

Levels and vault maps discovered:
D:1:      tarquinn_simple_flora_water_b, layout_rooms,
          chequers_serial_rivers_room_a, st_stairs_12
D:2:      layout_loops_ring
D:4:      layout_layer_cave, grunt_gozag_breadcrumbs, slow_altar_2,
          serial_bayou_lagoon_a, st_stairs_7

Skill      XL: |  1  2 |
---------------+-------+-----
Ranged Weapons | 3 |  3.4
Fighting       | 2 |  2.2
Dodging        | |  1.5
Spellcasting   | |  1.0
Hexes          | |  2.6

Action                     || total
---------------------------++-------
   Fire: Sling             ||    81
    Use: Scroll            ||     5
 Armour: Robe              ||     5
         Ring mail         ||    11
  Dodge: Dodged            ||    17

Table legend:
 A = Non-vault XP
 B = Vault XP
 C = Vault XP percentage of total XP
 D = Non-vault monster count
 E = Vault monster count
 F = Vault count percentage of total count
                 A         B        C        D         E       F
            +---------+---------+-------+---------+---------+-------
      Total |      50 |      19 |  27.5 |      21 |       2 |   8.7
            +---------+---------+-------+---------+---------+-------
        D:1 |      29 |       1 |   3.3 |      16 |       1 |   5.9
        D:2 |      14 |       0 |   0.0 |       2 |       0 |   0.0
        D:4 |       7 |      18 |  72.0 |       3 |       1 |  25.0
            +---------+---------+-------+---------+---------+-------
